Cogmind - Beta 9.2 @@@ ROGUE MODE // 2019.11.21 @ 19:20:24 Player: Vulpy Result: Destroyed by Y-54 Guardian with Gatling Laser Performance ------------- Evolutions (3) 1500 Regions Visited (7) 1400 Robots Destroyed (33) 165 Value Destroyed (997) 997 Prototype IDs (23) 460 Alien Tech Used (0) 0 Bonus (500) 500 TOTAL SCORE: 5022 Bonus ------- Entered Garrisons 200 Aligned with FarCom 300 Cogmind --------- Core Integrity 0/700 Matter 300/300 Energy 98/100 System Corruption 5% Temperature Cool (15) Movement Core (50) Location -7/Garrison Parts ------- > --- POWER (1) -------- (None) > --- PROPULSION (4) --- (None) > --- UTILITY (5) ------ (None) > --- WEAPON (3) ------- (None) > --- INVENTORY (4) ---- Light Nuclear Core Medium Storage Unit Medium Storage Unit Rocket Launcher Peak State ------------ > --- POWER ------------ Light Nuclear Core > --- PROPULSION ------- Aluminum Leg Aluminum Leg Aluminum Leg Aluminum Leg > --- UTILITY ---------- Improved Heat Sink Small Storage Unit Medium Storage Unit Medium Storage Unit Improved Medium Armor Plating > --- WEAPON ----------- AWS/Gauss Rocket Launcher > --- INVENTORY -------- Light Nuclear Core Light Nuclear Core Aluminum Leg Humpback Precision Shock Rifle Heavy Particle Cannon Heavy Particle Cannon Heavy Particle Cannon Shotgun Flak Cannon Bore Cannon Shock Bomb Launcher Shock Bomb Launcher [Rating: 38] Favorites ----------- Power Light Ion Engine Engine Light Ion Engine Power Core Light Nuclear Core Propulsion Aluminum Leg Leg Aluminum Leg Utility Small Storage Unit Device Improved Heat Sink Storage Small Storage Unit Protection Improved Medium Armor Plating Weapon Assault Rifle Energy Gun EM Pulse Gun Energy Cannon Heavy Particle Cannon Ballistic Gun Assault Rifle Ballistic Cannon Bore Cannon Launcher Rocket Launcher Build | -11 -10 -10 -10 -9 -8 -7 -7 ------- Run | Scr Mat Min Exi Min Mat Fac Gar Slots Evolved 6 | . . . . . 4 2 . Power . | . . . . . . . . Propulsion 2 | . . . . . 2 . . Utility 3 | . . . . . 2 1 . Weapon 1 | . . . . . . 1 . Parts Attached 41 | . 1 2 11 . 13 2 12 Power 4 | . . 1 1 . 1 . 1 Engine 2 | . . 1 1 . . . . Core 2 | . . . . . 1 . 1 Reactor . | . . . . . . . . Propulsion 7 | . . . 3 . 3 . 1 Treads . | . . . . . . . . Leg 7 | . . . 3 . 3 . 1 Wheel . | . . . . . . . . Hover . | . . . . . . . . Flight . | . . . . . . . . Utility 16 | . 1 . 7 . 7 1 . Device 2 | . . . . . 2 . . Storage 13 | . 1 . 7 . 5 . . Processor . | . . . . . . . . Hackware . | . . . . . . . . Protection 1 | . . . . . . 1 . Artifact . | . . . . . . . . Weapon 14 | . . 1 . . 2 1 10 Energy Gun 1 | . . . . . . . 1 Energy Cannon 4 | . . . . . 1 . 3 Ballistic Gun 4 | . . . . . 1 . 3 Ballistic Cannon 3 | . . 1 . . . . 2 Launcher 2 | . . . . . . 1 1 Special Weapon . | . . . . . . . . Impact Weapon . | . . . . . . . . Slashing Weapon . | . . . . . . . . Piercing Weapon . | . . . . . . . . Special Melee Weapon . | . . . . . . . . Unidentified Prototypes 2 | . . . 1 . . . 1 Parts Lost 19 | . . 2 . . 2 . 15 Power 2 | . . 1 . . . . 1 Propulsion 6 | . . . . . 1 . 5 Utility 2 | . . . . . . . 2 Weapon 9 | . . 1 . . 1 . 7 Highest Loss Streak 15 | . . 1 . . 2 . 15 Average Slot Usage (%) 92 | . 93 99 99 100 91 88 46 Engine 9 | . 14 14 14 14 2 . . Core 2 | . . . . . 6 7 3 Leg 28 | . 28 28 28 28 36 30 13 Device 1 | . . . . . 1 7 3 Storage 26 | . 22 28 27 28 29 23 13 Energy Gun 2 | . 14 8 . . . . 3 Ballistic Gun 11 | . 14 14 14 14 7 7 . Ballistic Cannon 7 | . . 5 14 14 6 . . Naked Turns 97 | . . . . . . . 97 Heaviest Build 49 | 11 15 24 30 30 40 47 49 Greatest Support 40 | 20 20 20 20 20 40 40 40 Greatest Overweight (x) 1 | . . 1 1 1 . 1 1 Average Overweight (x) . | . . . . 1 . . . Largest Inventory Capacity 32 | . 8 8 24 12 32 14 14 Average Capacity 10 | . 7 8 9 12 14 14 9 Most Carried 14 | . 8 8 12 12 14 14 14 Average Carried 9 | . 6 7 8 11 13 13 8 Final Capacity 14 | 6 8 8 12 12 14 14 4 Final Carried 14 | 6 8 7 12 12 14 14 4 Class Distribution -------------------- 78% | Mutant 21% | Scavenger-Mutant Dominant Class ---------------- Mutant | -10/Materials Mutant | -10/Mines Mutant | -10/Exiles Mutant | -9/Mines Mutant | -8/Materials Scavenger-Mutant | -7/Factory Mutant | -7/Garrison Resources | -11 -10 -10 -10 -9 -8 -7 -7 ----------- Run | Scr Mat Min Exi Min Mat Fac Gar Matter Collected 734 | 163 71 88 76 . 177 . 159 Remotely . | . . . . . . . . Salvage Created 1109 | . 98 126 . . 590 . 295 Parts 67 | . 5 17 . . 30 . 15 Haulers Intercepted . | . . . . . . . . Recyclers Shooed 3 | . 1 . . . 2 . . Parts Field Recycled . | . . . . . . . . Retrieved Matter . | . . . . . . . . Parts Self-Destructed . | . . . . . . . . Prevented . | . . . . . . . . Kills | -11 -10 -10 -10 -9 -8 -7 -7 ------- Run | Scr Mat Min Exi Min Mat Fac Gar Combat Hostiles Destroyed 29 | . 2 6 . . 13 . 8 Guns 21 | . 2 6 . . 9 . 4 Cannons 8 | . . . . . 4 . 4 Classes Destroyed 7 | . 1 2 . . 3 . 1 Worker 1 | . . 1 . . . . . Tunneler 1 | . . . . . 1 . . Watcher 2 | . . . . . 2 . . Swarmer 13 | . . 6 . . 4 . 3 Grunt 13 | . 2 . . . 7 . 4 Sentry 2 | . . . . . 2 . . Programmer 1 | . . . . . . . 1 Best Kill Streak 8 | . 2 3 . . 4 . 8 Combat Bots Only 8 | . 2 3 . . 4 . 8 Max Kills in Single Turn 2 | . 1 1 . . 2 . 1 Gunslinging . | . . . . . . . . Exploded . | . . . . . . . . Melee . | . . . . . . . . Uniques/NPCs Destroyed . | . . . . . . . . Combat | -11 -10 -10 -10 -9 -8 -7 -7 -------- Run | Scr Mat Min Exi Min Mat Fac Gar Damage Taken 3284 | . 102 211 . . 563 . 2408 Core 836 | . 14 18 . . 100 . 704 Absorbed by Shields . | . . . . . . . . Core Remaining (%) 89 | 100 . . . 87 81 . . Volleys Fired 57 | . 8 19 . . 16 . 14 Largest 3 | . 2 2 . . 2 . 3 Hottest 205 | . 60 77 . . 132 . 205 Shots Fired 156 | . 16 33 . . 61 5 41 Gun 102 | . 16 28 . . 34 5 19 Cannon 53 | . . 5 . . 27 . 21 Launcher 1 | . . . . . . . 1 Special . | . . . . . . . . Kinetic 111 | . 8 24 . . 50 5 24 Thermal 20 | . . . . . 11 . 9 Explosive . | . . . . . . . . Electromagnetic 25 | . 8 9 . . . . 8 Robot Hit Streak 13 | . 6 3 . . 9 5 13 Robot Miss Streak 7 | . 2 4 . . 4 . 7 Penetration Max . | . . . . . . . . Secondary Targets . | . . . . . . . . Autonomous 44 | . . . . . 29 5 10 Shots Hit Robots 99 | . 8 14 . . 38 5 34 Core Hits 53 | . 4 7 . . 19 1 22 Critical Hits 7 | . . . . . 4 . 3 Critical Kills 2 | . . . . . 1 . 1 Critical Parts Destroyed 4 | . . . . . 2 . 2 Melee Attacks . | . . . . . . . . Impact . | . . . . . . . . Slashing . | . . . . . . . . Piercing . | . . . . . . . . Sneak Attacks . | . . . . . . . . Combat Hostiles . | . . . . . . . . Follow-up Attacks . | . . . . . . . . Damage Inflicted 2596 | . 108 139 . . 1371 110 868 Guns 1666 | . 108 138 . . 828 110 482 Cannons 747 | . . . . . 384 . 363 Explosions 175 | . . . . . 152 . 23 Melee . | . . . . . . . . Ramming 8 | . . 1 . . 7 . . Kinetic 1826 | . 26 80 . . 1037 110 573 Thermal 333 | . . . . . 175 . 158 Explosive 152 | . . . . . 152 . . Electromagnetic 277 | . 82 58 . . . . 137 Impact . | . . . . . . . . Slashing . | . . . . . . . . Piercing . | . . . . . . . . Highest Corruption 5 | . . . . . . . 5 Average Corruption 4 | . . . . . . . 4 Corruption Purged . | . . . . . . . . Effects 3 | . . . . . . . 3 Message Errors 1 | . . . . . . . 1 Matter Fused 1 | . . . . . . . 1 Energy Discharges 1 | . . . . . . . 1 Overload Shots . | . . . . . . . . Overflow Damage 92 | . . . . . 92 . . Projectiles 5 | . . . . . 5 . . Explosions 87 | . . . . . 87 . . Melee . | . . . . . . . . Knockbacks 6 | . . . . . 1 . 5 Impact . | . . . . . . . . Kinetic 6 | . . . . . 1 . 5 Secondary . | . . . . . . . . Self-Inflicted Damage 9 | . . . . . . . 9 Shots 1 | . . . . . . . 1 Rammed 2 | . . 1 . . 1 . . Targets Rammed 3 | . . 1 . . 2 . . Kicked 1 | . . . . . 1 . . Crushed . | . . . . . . . . Highest Temperature 484 | . 51 75 . . 484 . 430 Average Temperature 160 | . 33 37 . . 160 . 236 Received Heat Transfer 858 | . 60 . . . 234 . 564 Effects 5 | . . . . . 3 . 2 Shutdowns 1 | . . . . . . . 1 Energy Bleed 2 | . . . . . 2 . . Interference 1 | . . . . . 1 . . Short Circuit 1 | . . . . . . . 1 Siege Activations . | . . . . . . . . Robots Corrupted . | . . . . . . . . Combat Hostiles . | . . . . . . . . Parts Fried . | . . . . . . . . Impact Corruptions . | . . . . . . . . Robots Melted . | . . . . . . . . Combat Hostiles . | . . . . . . . . Parts Melted . | . . . . . . . . Heat Transferred 441 | . . . . . 259 . 182 Parts Sabotaged . | . . . . . . . . Parts Stolen . | . . . . . . . . Parts Stripped . | . . . . . . . . Power Chain Reactions . | . . . . . . . . Missiles Intercepted . | . . . . . . . . Alert | -11 -10 -10 -10 -9 -8 -7 -7 ------- Run | Scr Mat Min Exi Min Mat Fac Gar Peak Influence 405 | . 80 156 . . 405 186 192 Average Influence 88 | . 51 53 . . 88 185 146 Maximum Alert Level 2 | . . . . . 2 . . Low Security (%) 95 | . 100 100 . 100 85 100 100 Level 1 4 | . . . . . 14 . . Level 2 . | . . . . . . . . Level 3 . | . . . . . . . . Level 4 . | . . . . . . . . Level 5 . | . . . . . . . . High Security . | . . . . . . . . Max Security . | . . . . . . . . Squads Dispatched 7 | . 3 . . . 3 1 . Investigation 4 | . 1 . . . 2 1 . Extermination . | . . . . . . . . Reinforcement 3 | . 2 . . . 1 . . Assault . | . . . . . . . . Garrison . | . . . . . . . . Intercept . | . . . . . . . . Construction Impeded . | . . . . . . . . Haulers Reinforced . | . . . . . . . . Stealth | -11 -10 -10 -10 -9 -8 -7 -7 --------- Run | Scr Mat Min Exi Min Mat Fac Gar Distress Signals 3 | . 1 . . . 2 . . Communications Jammed . | . . . . . . . . Distress Signals . | . . . . . . . . Times Spotted 50 | . 7 8 . . 19 . 16 Peak Tracking Total 9 | . 3 3 . . 4 . 9 Tactical Retreats 5 | . 1 1 . . 1 . 2 Traps | -11 -10 -10 -10 -9 -8 -7 -7 ------- Run | Scr Mat Min Exi Min Mat Fac Gar Traps Triggered 2 | . . . . . . . 2 Indirectly . | . . . . . . . . Trap Hack Attempts . | . . . . . . . . Triggered . | . . . . . . . . Disarmed . | . . . . . . . . Reprogrammed . | . . . . . . . . Reused . | . . . . . . . . Traps Extracted . | . . . . . . . . Installed . | . . . . . . . . Triggered . | . . . . . . . . Machines | -11 -10 -10 -10 -9 -8 -7 -7 ---------- Run | Scr Mat Min Exi Min Mat Fac Gar Machines Disabled 1 | . . . . . 1 . . Max in Single Turn 1 | . . . . . 1 . . Machines Sabotaged . | . . . . . . . . Garrisons Compromised . | . . . . . . . . Overloaded Fab Kills . | . . . . . . . . Fab Network Shutdowns . | . . . . . . . . Hacking | -11 -10 -10 -10 -9 -8 -7 -7 --------- Run | Scr Mat Min Exi Min Mat Fac Gar Machines Accessed 12 | . 1 . 5 . 5 1 . Terminals 5 | . . . . . 5 . . Fabricators . | . . . . . . . . Repair Stations . | . . . . . . . . Recycling Units 1 | . 1 . . . . . . Scanalyzers . | . . . . . . . . Garrison Access 1 | . . . . . . 1 . Total Hacks 70 | . 3 . 49 . 15 3 . Successful 63 | . 3 . 49 . 9 2 . Failed 7 | . . . . . 6 1 . Catastrophic 1 | . . . . . 1 . . Database Lockouts . | . . . . . . . . Manual 10 | . 2 . 1 . 7 . . Terminals 15 | . . . . . 15 . . Fabricators . | . . . . . . . . Repair Stations . | . . . . . . . . Recycling Units 3 | . 3 . . . . . . Scanalyzers . | . . . . . . . . Garrison Access 3 | . . . . . . 3 . Terminal Hacks 54 | . . . 49 . 5 . . Record 48 | . . . 48 . . . . Robot Analysis 1 | . . . . . 1 . . Branch Access Points 1 | . . . . . 1 . . Dispatch Records 1 | . . . . . 1 . . Zone Layout 2 | . . . . . 2 . . EX-Prototype ID Bank 1 | . . . 1 . . . . Fabricator Hacks . | . . . . . . . . Repair Station Hacks . | . . . . . . . . Recycling Unit Hacks 3 | . 3 . . . . . . Process 1 | . 1 . . . . . . Report Inventory 1 | . 1 . . . . . . Retrieve Components 1 | . 1 . . . . . . Scanalyzer . | . . . . . . . . Garrison Access Hacks 2 | . . . . . . 2 . Unlock Access 1 | . . . . . . 1 . Coupler Status 1 | . . . . . . 1 . Unauthorized Hacks 10 | . . . . . 10 . . Terminals 4 | . . . . . 4 . . Assimilate 1 | . . . . . 1 . . Botnet 2 | . . . . . 2 . . Operators 1 | . . . . . 1 . . Fabricators . | . . . . . . . . Repair Stations . | . . . . . . . . Recycling Units . | . . . . . . . . Scanalyzers . | . . . . . . . . Garrison Access . | . . . . . . . . Data Cores Recovered . | . . . . . . . . Used . | . . . . . . . . Hacking Detections 7 | . 1 . . . 5 1 . Full Trace Events 5 | . 1 . . . 3 1 . Feedback Events . | . . . . . . . . Feedback Blocked . | . . . . . . . . Robot Schematics Acquired . | . . . . . . . . Robots Built . | . . . . . . . . Matter . | . . . . . . . . Time . | . . . . . . . . Total Robot Build Rating . | . . . . . . . . Part Schematics Acquired . | . . . . . . . . Parts Built . | . . . . . . . . Matter . | . . . . . . . . Time . | . . . . . . . . Total Part Build Rating . | . . . . . . . . Parts Repaired . | . . . . . . . . Time . | . . . . . . . . Parts Recycled . | . . . . . . . . Recycled Matter 26 | . 26 . . . . . . Retrieved Matter . | . . . . . . . . Retrieved Components . | . . . . . . . . Parts Scanalyzed . | . . . . . . . . Part Schematics Acquired . | . . . . . . . . Parts Damaged . | . . . . . . . . Bothacking | -11 -10 -10 -10 -9 -8 -7 -7 ------------ Run | Scr Mat Min Exi Min Mat Fac Gar Used RIF Installer . | . . . . . . . . Robots Hacked . | . . . . . . . . Non-combat . | . . . . . . . . Combat . | . . . . . . . . Robot Hacks Applied . | . . . . . . . . Relay Couplers Released . | . . . . . . . . Robots Rewired . | . . . . . . . . Allies Hacked . | . . . . . . . . Hacks Repelled . | . . . . . . . . Allies | -11 -10 -10 -10 -9 -8 -7 -7 -------- Run | Scr Mat Min Exi Min Mat Fac Gar Total Allies 1 | . . 1 . . . . . Largest Group 1 | . . 1 1 . . . . Highest-Rated Group 31 | . . 31 31 . . . . Highest-Rated Ally 31 | . . 31 31 . . . . Total Orders . | . . . . . . . . Ally Attacks . | . . . . . . . . Total Damage . | . . . . . . . . Kills . | . . . . . . . . Allies Corrupted . | . . . . . . . . Allies Melted . | . . . . . . . . Intel | -11 -10 -10 -10 -9 -8 -7 -7 ------- Run | Scr Mat Min Exi Min Mat Fac Gar Robot Analysis Total 1 | . . . . . 1 . . Derelict Logs Recovered 3 | . . 2 . 1 . . . Drone Launches . | . . . . . . . . Drone Recoveries . | . . . . . . . . Exploration | -11 -10 -10 -10 -9 -8 -7 -7 ------------- Run | Scr Mat Min Exi Min Mat Fac Gar Turns Passed 3272 | . 243 533 1078 198 654 323 243 Spaces Moved 1995 | 1 162 357 699 130 302 127 217 Core 156 | . . . . . . . 156 Treads . | . . . . . . . . Legs 1839 | 1 162 357 699 130 302 127 61 Wheels . | . . . . . . . . Hover . | . . . . . . . . Flight . | . . . . . . . . Fastest Speed 50 | 120 120 120 120 150 120 120 50 Average Speed 129 | 120 120 130 149 150 120 125 71 Slowest Speed 150 | 120 120 150 150 150 120 150 150 Overloaded Moves . | . . . . . . . . Propulsion Burnouts . | . . . . . . . . Robots Hopped . | . . . . . . . . Cave-ins Triggered . | . . . . . . . . Exploration Rate (%) 35 | 2 18 60 91 39 30 3 39 Regions Visited 7 Branch Regions 3 Pre-discovered Areas 2 | . . 1 1 . . . . Known Exits Taken 2 | . . . . . 1 1 . Unknown Exits Taken 5 | 1 1 1 1 1 . . . Scrap Searched 1 | . . 1 . . . . . Spaces Dug . | . . . . . . . . Terrain Destroyed 72 | . . 3 . . 62 2 5 Melee . | . . . . . . . . Projectile 36 | . . 3 . . 26 2 5 AOE 36 | . . . . . 36 . . Actions | -11 -10 -10 -10 -9 -8 -7 -7 --------- Run | Scr Mat Min Exi Min Mat Fac Gar Total 2598 | . 195 391 736 134 566 291 285 Wait 419 | . 17 8 2 3 215 158 16 Move 1986 | . 161 356 698 129 301 126 215 Hop . | . . . . . . . . Pick Up 29 | . 5 3 8 1 9 3 . Fast Attach 8 | . 1 . 3 . 3 1 . Attach 28 | . . 2 3 . 10 1 12 Detach 16 | . . . 4 . 5 . 7 Swap 5 | . . . 5 . . . . Drop 31 | . 3 2 13 1 4 2 6 Fire 57 | . 8 19 . . 16 . 14 Melee . | . . . . . . . . Ram . | . . . . . . . . Kick 3 | . . 1 . . 2 . . Crush . | . . . . . . . . Escape Stasis 15 | . . . . . . . 15 Rewire 1 | . . . . . 1 . . Trap . | . . . . . . . . Miscellaneous . | . . . . . . . . Route ------- -11/Scrapyard -10/Materials -10/Mines (discovered 2 exits: [*Mat] / *Exi) -10/Exiles -9/Mines -8/Materials -7/Factory -7/Garrison (discovered 1 exit: [*Fac]) History --------- Turn | Location | Event 1 | -11/Scrapyard | Discovered new exit (range 0) 1 | -11/Scrapyard | Entered Materials 235 | -10/Materials | Discovered new exit (range 7) 244 | -10/Materials | Entered Mines 248 | -10/Mines | Discovered new exit (range 8) 254 | -10/Mines | Learned location of Storage (-9) 308 | -10/Mines | Build established: Mutant 342 | -10/Mines | A weapon hastily lodged in a ceiling crevice suddenly fell to the ground 555 | -10/Mines | Learned Materials trap positions 631 | -10/Mines | Received a Mining Laser from a helpful Derelict 769 | -10/Mines | Deemed a non-threat by the Exiles lab entrance 771 | -10/Mines | Discovered new exit (range 5) 777 | -10/Mines | Entered Exiles 777 | -10/Exiles | Accompanied by 1 ally 823 | -10/Exiles | Met 8R-AWN 852 | -10/Exiles | Met EX-HEX 919 | -10/Exiles | Met EX-DEC 927 | -10/Exiles | Learned location of Zion (-7) 986 | -10/Exiles | Visited The Gauntlet 1271 | -10/Exiles | Discovered new exit (range 14) 1474 | -10/Exiles | Met EX-BIN 1533 | -10/Exiles | Aligned with FarCom system 1534 | -10/Exiles | Given EX-Vault access code 1632 | -10/Exiles | Opened EX-Vault 1659 | -10/Exiles | Found Prototype Storage 1672 | -10/Exiles | Found Prototype Ballistic Gun 1677 | -10/Exiles | Identified Superbattery 1708 | -10/Exiles | Identified AWS/Gauss 1742 | -10/Exiles | Warned to stay clear of 0b10 Research branches 1855 | -10/Exiles | Left Exiles lab with AWS/Gauss 1855 | -10/Exiles | Entered Mines 1912 | -9/Mines | Learned 2 Materials zone layouts 1967 | -9/Mines | Received a Rocket Launcher from a helpful Derelict 2040 | -9/Mines | Discovered new exit (range 9) 2053 | -9/Mines | Entered Materials 2053 | -8/Materials | Evolved 4 slots: Propulsion x2, Utility x2 2054 | -8/Materials | Identified exit to Factory 2055 | -8/Materials | Loaded intel: 6 trap records 2707 | -8/Materials | Entered Factory 2707 | -7/Factory | Evolved 2 slots: Utility x1, Weapon x1 2878 | -7/Factory | Build established: Scavenger-Mutant 3029 | -7/Factory | Identified exit to Garrison 3030 | -7/Factory | Entered Garrison 3112 | -7/Garrison | Triggered checkpoint 3178 | -7/Garrison | Core integrity fell below 50% 3195 | -7/Garrison | Lost 15 parts (1p5n2u7w) 3197 | -7/Garrison | Destroyed 8 combat bots 3232 | -7/Garrison | Discovered new exit (range 10) 3236 | -7/Garrison | Attempted to access garrison exit controls, blocked by remote lockdown 3260 | -7/Garrison | Triggered checkpoint 3266 | -7/Garrison | Core integrity fell below 20% 3273 | -7/Garrison | Destroyed by Y-54 Guardian with Gatling Laser Last Messages --------------- 03213_ Field strength at 64. 03214_ Field strength at 58. 03215_ Field strength at 52. 03216_ Field strength at 46. 03217_ Field strength at 40. 03218_ Field strength at 34. 03219_ Field strength at 28. 03220_ Field strength at 22. 03221_ Field strength at 16. 03222_ System corrupted: Energy discharge (-25). 03222_ Field strength at 10. 03223_ Field strength at 4. 03224_ Stasis field depleted. 03232_ EXIT=FOUND 03236_ Attempting to access garrison exit controls... 03236_ Remote lockdown engaged. 03260_ Beams of light sweep through the air. An alarm sounds. 03263_ Triggered Alarm Trap. 03263_ An alarm sounds. 03264_ Extracted 47 matter. Map ----- +----------------------------------------------------+ | ?????????????????????????????????????????????????? | | ?????????????????????????????????????????????????? | | ?????????????????????????????????????????????????? | | ?????????????????????????????????????????????????? | | ?????????????????????????????????????????????????? | | ???????????????????????####??????????????????????? | | ??????????????????????##!!##?????????????????????? | | ??????????????????????#! !#?????????????????????? | | ??????????????????????#! !#?????????????????????? | | ??????????????????????### ##?????????????????????? | | ???????????????????????## #??????????????????????? | | ???????????????????????+ #??????????????????????? | | ???????????????????????#g #??????????????????????? | | ????????????????#####??# #??????????????????????? | | ????????????????# ?# #??????????????????????? | | ???????????????## ##gg#??????????????????????? | | ???????????????# #??????????????????????? | | ???????????????# #??????????????????????? | | ???????????????### ### #??????????????????????? | | ????????????????#"""""## #??????????????????????? | | ????????????????######## #??????????????????????? | | ???????????????????????# #??????????????????????? | | ???????????????????????#Y #??????????????????????? | | ???????????????????????# #??????????????????????? | | ???????????????????????# #??????????????????##### | | ???????????????????????# @#??????????????????# # | | ?????????????########### #################### < # | | ?????????????# ^ # | | ?????????????# # | | ?????????????# ^^ # | | ?????????????# #################"""############# | | ?????????????# #????????????????YY?????????????? | | ?????????????# #???????????????????????????????? | | ?????????????# #???????????????????????????????? | | ?????????????# #???????????????????????????????? | | ?????????????# #???????????????????????????????? | | ?????????????# #???????????????????????????????? | | ?###++##""""## #???????????????????????????????? | | #???????????????????????????????? | | #???????????????????????????????? | | #???????????????????????????????? | | ?## ## ## #???????????????????????????????? | | ??# ## ## ###?????????????????????????????? | | ??" #?????????????????????????????? | | ??" #???###???????????????????????? | | ??" #??? !#???????????????????????? | | ??" ###?#*#???????????????????????? | | ??# ## ## ### #?#%#???????????????????????? | | ?## ## ## ##"####+##??????????????????????? | | =%[[%%%*[#??????????????????????? | +----------------------------------------------------+ Best States ------------- Heat Dissipation 48 Energy Generation 14 Energy Capacity 250 Matter Stores 330 Matter Capacity 450 Sight Range 16 Terrain Scan Density 10 Armor Coverage 225 Evasion (%) 50 Item Schematics ----------------- None Robot Schematics ------------------ None Fabricated ------------ Nothing Alien Tech Used ----------------- None Achievements -------------- root@ Challenges ------------ None Game ------ Seed DiametricHoverDoublenader Manual? 0 Play Time 01:04:16 Cumulative 32.6 hours Start 2019.11.18 @ 19:53:37 End 2019.11.21 @ 19:20:24 Sessions 5 Manual Loads 0 Difficulty Rogue Special Mode None Game No. 33 Rogue 31 Adventurer 2 Explorer 0 Win Type - Total 0 Types 0/0/0/0/0/0/0 Lore% 23 Gallery% 30 Achievement% 21 Wizard Run 0 Options --------- ASCII 0 Keyboard 1 Movement Numpad Keybinds 0 Fullscreen 2 Font 20/Terminus Map View 66x50 Tactical HUD 1 Map Filters NONE Filters NONE Steam 1 RUN: 4f8e4cb4-80bc-4d9f-9b61-9ac582896615